 Dungeon Crawl Stone Soup version 0.28-a0-595-g9f6c0e134a (webtiles) character file.

Game seed: 8022522665506138071

3560 frimble the Slicer (level 10, -4/65 HPs)
             Began as an Octopode Warper on Oct 5, 2021.
             Blown up by Pikel (31 damage)
             ... with a mindburst bolt
             ... on level 5 of the Dungeon.
             The game lasted 00:14:43 (9450 turns).

frimble the Slicer (Octopode Warper)                Turns: 9450, Time: 00:14:43

Health: -4/65      AC:  1    Str: 10    XL:     10   Next: 9%
Magic:  14/14      EV: 14    Int: 19    God:
Gold:   476        SH:  7    Dex: 12    Spells: 3/15 levels left

rFire   . . .      SeeInvis .   a - +3 short sword (venom)
rCold   + . .      Faith    .   h - +2 buckler {rC+}
rNeg    . . .      Spirit   .   (helmet restricted)
rPois   +          Reflect  .   A - amulet of regeneration
rElec   .          Harm     .   p - ring of poison resistance
rCorr   .          Rampage  .   w - ring of flight
Will    .....                   (no ring)
Stlth   ++++......              (no ring)
HPRegen 1.20/turn               (no ring)
MPRegen 0.14/turn               (no ring)
                                (no ring)
                                (no ring)

@: flying
A: almost no armour, amphibious, 8 rings, camouflage 1, gelatinous body 1,
(nimble swimmer 1), tentacles
a: no special abilities


You were on level 5 of the Dungeon.
You visited 1 branch of the dungeon, and saw 8 of its levels.

You collected 476 gold pieces.

Inventory:

Hand Weapons
 a - a +3 short sword of venom (weapon)
 b - a +0 hunting sling
 o - a +2 short sword of flaming
Missiles
 c - 5 boomerangs of dispersal
 e - 25 poisoned darts (quivered)
 g - 201 stones
Armour
 h - a +2 buckler of cold resistance (worn)
Jewellery
 p - a ring of poison resistance (left tentacle)
 w - a ring of flight (right tentacle)
 A - an amulet of regeneration (around mantle)
 B - an amulet of reflection
Wands
 m - a wand of flame (1)
 t - a wand of digging (3)
 y - a wand of iceblast (5)
Scrolls
 i - a scroll of enchant weapon
 u - a scroll of identify
 v - 2 scrolls of blinking
 x - a scroll of teleportation
Potions
 d - 2 potions of degeneration
 f - 2 potions of mutation
 j - a potion of ambrosia
 k - 4 potions of curing
 l - 2 potions of flight {unknown}
 n - a potion of berserk rage {unknown}
 q - 5 potions of heal wounds {unknown}
 r - 2 potions of might
 s - a potion of invisibility {unknown}
 z - a potion of cancellation {unknown}
 D - 2 potions of resistance
 E - a potion of lignification {unknown}


   Skills:
 + Level 4.7 Fighting
 + Level 9.4(9.6) Short Blades
 - Level 2.1(6.3) Long Blades
 - Level 2.8(3.0) Slings
 - Level 1.2(2.1) Throwing
 - Level 4.0 Dodging
 - Level 6.0 Stealth
 - Level 4.0 Shields
 + Level 3.1 Spellcasting
 - Level 4.0 Translocations
 + Level 3.1 Poison Magic
 - Level 3.0 Evocations


You had 3 spell levels left.
You knew the following spells:

 Your Spells              Type           Power      Damage    Failure   Level
a - Blink                 Tloc           N/A        N/A       4%          2
b - Gell's Gravitas       Tloc           9%         N/A       9%          3
c - Olgreb's Toxic Radia  Pois           14%        N/A       38%         4
d - Tukima's Dance        Hex            2%         N/A       41%         3

Your spell library contained the following spells:

 Spells                   Type           Power      Damage    Failure   Level
 Sting                    Tmut/Pois      32%        1d4       8%          1
 Lesser Beckoning         Tloc           18%        N/A       9%          3
 Teleport Other           Tloc           18%        N/A       9%          3
 Poisonous Vapours        Pois/Air       16%        N/A       12%         2
 Shock                    Conj/Air       8%         1d3       16%         1
 Ensorcelled Hibernation  Hex/Ice        4%         N/A       22%         2
 Sublimation of Blood     Necr           1%         N/A       22%         2
 Wereblood                Tmut           2%         N/A       22%         2
 Frozen Ramparts          Ice            4%         1d2       41%         3
 Swiftness                Air            2%         N/A       41%         3
 Manifold Assault         Tloc           18%        N/A       63%         5
 Airstrike                Air            1%         N/A       83%         4
 Ice Form                 Ice/Tmut       2%         N/A       83%         4
 Summon Ice Beast         Ice/Summ       2%         N/A       83%         4
 Summon Hydra             Summ           1%         N/A       100%        7


Dungeon Overview and Level Annotations

Branches:
Dungeon (8/15)             Temple (0/1) D:4
   Lair: D:8-11

Altars:
Cheibriados
Dithmenos
Fedhas
Makhleb
Okawaru
Trog
Wu Jian

Shops:
D:4 *

Annotations:
D:4 2 transporters, krigyl's ghost, amateur HuWr
D:5 Pikel
D:6 exclusion: steam dragon
D:7 Joseph


Innate Abilities, Weirdness & Mutations

You cannot wear most types of armour.
You are amphibious.
You can wear up to eight rings at the same time.
Your skin changes colour to match your surroundings (Stealth+).
Your rubbery body absorbs attacks. (AC +1, EV +1)
((You are camouflaged near water. (Stealth+)))
You have tentacles for arms and can constrict up to eight enemies at once.


Message History

You throw a poisoned dart.
The poisoned dart completely misses Pikel.
Throw: 28 darts (poison)
Press: ? - help, Q - select action, (/) - cycle Shift-Dir - straight line, f/p - Pikel
Aim: Pikel, wielding a +1 whip of freezing, wearing a +0 robe and carrying a wand of mindburst (14) (moderately wounded, 53% to hit)
You throw a poisoned dart. The poisoned dart barely misses Pikel.
Throw: 27 darts (poison)
Press: ? - help, Q - select action, (/) - cycle Shift-Dir - straight line, f/p - Pikel
Aim: Pikel, wielding a +1 whip of freezing, wearing a +0 robe and carrying a wand of mindburst (14) (moderately wounded, 53% to hit)
You throw a poisoned dart. The poisoned dart hits Pikel.
Pikel is poisoned.
Pikel is moderately wounded.
Throw: 26 darts (poison)
Press: ? - help, Q - select action, (/) - cycle Shift-Dir - straight line, f/p - Pikel
Aim: Pikel, wielding a +1 whip of freezing, wearing a +0 robe and carrying a wand of mindburst (14) (moderately wounded, poisoned, 53% to hit)
You throw a poisoned dart. The poisoned dart hits Pikel.
Pikel looks even sicker.
Pikel is moderately wounded.
Pikel zaps a wand.
Your mind is blasted!
You hit Pikel but do no damage.
Pikel looks even sicker.
You grab Pikel.
Pikel is moderately wounded.
You constrict Pikel.
Pikel zaps a wand.
Your mind is blasted!
You hit Pikel but do no damage.
Pikel looks as sick as possible!
Pikel is moderately wounded.
You constrict Pikel. You hit Pikel but do no damage.
Pikel looks as sick as possible!
Pikel is moderately wounded.
You constrict Pikel, but do no damage.
Pikel hits you with a +1 whip of freezing.
Pikel freezes you.
You hit Pikel.
Pikel looks as sick as possible!
You squeeze Pikel, but do no damage.
Pikel is heavily wounded.
You constrict Pikel, but do no damage. Pikel closely misses you.
You hit Pikel.
Pikel is heavily wounded.
You constrict Pikel. You hit Pikel.
Pikel looks as sick as possible!
Pikel is heavily wounded.
You constrict Pikel, but do no damage.
Pikel zaps a wand.
Your mind is blasted!
You die...

##.#.#.#.##.##.#.###.###.#...##..
..^..#.#.##....#...#.#...#.#.....
##.###.#.####..###.#.#.###.######
#.#...(.........#.#.#.#.......
#.#.#.#(.[...._.)......._..#
##.#...#..K......#.#.#.#....#
....####.......###.#.#.###.##
.......'.......#...#.#.. #...
....####.......#@###.###. ##
....# #.....(.K.......... ....#
#.....>######.#.. .. ....#
#.(.....# ... ... ....# ###.....#
....######.....# ........##.....#
#......... ....###.##.....#
#......... ....# #.##(....#
#.........


You could see Pikel (extremely poisoned).

Vanquished Creatures
  Maggie (D:6)
  8 yaks
  An acid dragon (D:8)
  A water moccasin (D:7)
  An ice beast (D:4)
  2 necrophages
  An ogre (D:4)
  A centaur (D:7)
  3 kobold brigands
  4 lemures
  A phantom (D:6)
  Blork the orc (D:5)
  A gnoll sergeant (D:8)
  4 bullfrogs
  A scorpion (D:7)
  6 killer bees (D:8)
  A howler monkey (D:7)
  A centaur zombie (D:5)
  2 orc priests (D:7)
  2 hounds (D:5)
  2 jellies (D:6)
  Ijyb (D:3)
  Jessica (D:2)
  An iguana (D:6)
  An orc wizard (D:7)
  Robin (D:3)
  4 gnolls (D:8)
  8 adders
  A shadow imp (D:5)
  An adder skeleton (D:4)
  A worm (D:4)
  4 dart slugs
  3 orcs
  7 endoplasms
  4 giant cockroaches
  24 goblins
  6 hobgoblins
  4 jackals (D:3)
  14 kobolds
  3 ball pythons
  4 bats
  2 frilled lizards
  3 rats
143 creatures vanquished.

Notes
Turn   | Place    | Note
-------+----------+-------------------------------------------
     0 | D:1      | frimble the Octopode Warper began the quest for the Orb.
     0 | D:1      | Reached XP level 1. HP: 14/14 MP: 3/3
    92 | D:1      | Reached XP level 2. HP: 10/19 MP: 5/5
   356 | D:1      | Reached skill level 1 in Stealth
   502 | D:1      | Reached skill level 1 in Short Blades
   502 | D:1      | Reached XP level 3. HP: 22/24 MP: 6/6
   608 | D:1      | Found a faded altar of an unknown god.
  1136 | D:1      | Learned a level 2 spell: Blink
  1140 | D:1      | Learned a level 3 spell: Gell's Gravitas
  1329 | D:2      | Noticed Jessica
  1336 | D:2      | Killed Jessica
  1337 | D:2      | Reached XP level 4. HP: 15/29 MP: 7/7
  1602 | D:2      | Reached skill level 2 in Short Blades
  1988 | D:3      | Noticed a kobold brigand
  2283 | D:3      | Noticed Robin
  2495 | D:4      | Found a transporter.
  2624 | D:3      | Killed Robin
  2625 | D:3      | Reached XP level 5. HP: 33/34 MP: 8/8
  2713 | D:3      | Noticed Ijyb
  2715 | D:3      | Paralysed by Ijyb for 6 turns
  2726 | D:3      | Killed Ijyb
  2730 | D:3      | Reached skill level 3 in Short Blades
  3143 | D:3      | Killed a kobold brigand
  3144 | D:3      | Reached skill level 1 in Slings
  3144 | D:3      | Reached skill level 1 in Evocations
  3144 | D:3      | Reached XP level 6. HP: 24/39 MP: 9/9
  3542 | D:4      | Found a transporter.
  3542 | D:4      | Noticed krigyl's ghost (amateur HuWr)
  3759 | D:4      | Found a staircase to the Ecumenical Temple.
  3791 | D:4      | Found an ornate altar of the Wu Jian Council.
  3811 | D:4      | Noticed an ice beast
  3824 | D:5      | Entered Level 5 of the Dungeon
  3824 | D:5      | Noticed Blork the orc
  3843 | D:5      | Killed Blork the orc
  4101 | D:5      | Found a snail-covered altar of Cheibriados.
  4124 | D:5      | Found a bloodstained altar of Trog.
  4150 | D:5      | Reached skill level 4 in Short Blades
  4362 | D:5      | Identified a scroll of acquirement
  4362 | D:5      | Acquired a +1 buckler of cold resistance
  4371 | D:5      | Found a blossoming altar of Fedhas.
  4430 | D:5      | Noticed Pikel
  4685 | D:6      | Noticed Maggie
  4691 | D:6      | Killed Maggie
  4692 | D:6      | Reached XP level 7. HP: 23/45 MP: 10/10
  5195 | D:6      | Noticed a yak
  5195 | D:6      | Noticed a yak
  5462 | D:4      | Reached skill level 5 in Short Blades
  5462 | D:4      | Reached XP level 8. HP: 46/50 MP: 11/11
  5662 | D:4      | Found Noil's Serpentskin Sales.
  5901 | D:4      | Found an iron altar of Okawaru.
  6794 | D:6      | Killed a yak
  6795 | D:6      | Reached skill level 6 in Short Blades
  7017 | D:6      | Noticed a yak
  7033 | D:6      | Killed a yak
  7106 | D:6      | Killed a yak
  7720 | D:7      | Reached XP level 9. HP: 32/57 MP: 12/12
  7946 | D:7      | Found a shadowy altar of Dithmenos.
  7964 | D:7      | Reached skill level 7 in Short Blades
  7964 | D:7      | Reached skill level 5 in Stealth
  8157 | D:7      | Noticed Joseph
  8315 | D:8      | Reached skill level 8 in Short Blades
  8726 | D:8      | Found a burning altar of Makhleb.
  8924 | D:8      | Reached skill level 9 in Short Blades
  8952 | D:8      | Learned a level 4 spell: Olgreb's Toxic Radiance
  8956 | D:8      | Learned a level 3 spell: Tukima's Dance
  8964 | D:8      | Reached skill level 1 in Poison Magic
  9199 | D:8      | Reached XP level 10. HP: 65/65 MP: 12/14
  9450 | D:5      | Blown up by Pikel

Illustrated notes

Levels and vault maps discovered:
D:1:      lightli_arrival_quake, layout_basic, ebering_ecumenical_altar_rust
D:2:      layout_loops_cross, minmay_misc_feat_columns, uniq_jessica
D:3:      layout_loops_ring, uniq_ijyb, uniq_robin
D:4:      layout_rooms, mainiacjoe_overflow_alcove_2, marbit_many_paths,
          minmay_temple_entry_fiery, gammafunk_ghost_arena, minmay_door_square,
          guppyfry_shop_venom
D:5:      layout_basic, fedhas_altar_2, mainiacjoe_overflow_large_starburst,
          uniq_blork_the_orc, uniq_pikel
D:6:      layout_cave_pods, uniq_maggie
D:7:      layout_loops_corners, nicolae_kikubaaqudgha_miasma_corner,
          nicolae_dithmenos_shadow_blocks, uniq_joseph
D:8:      layout_basic, amcnicky_altar_gilded

Skill      XL: |  1  2  3  4  5  6  7  8  9 10 |
---------------+-------------------------------+-----
Stealth        | 1 3 4 6 |  6.0
Short Blades   | 1 2 3 4 5 6 9 |  9.4
Slings         | 1 2 |  2.8
Translocations | 4 |  4.0
Evocations     | 1 3 |  3.0
Shields        | 2 3 4 |  4.0
Dodging        | 3 4 |  4.0
Fighting       | 3 4 |  4.7
Poison Magic   | 2 3 |  3.1
Spellcasting   | 3 |  3.1
Long Blades    | |  2.1
Throwing       | |  1.2

Action                   |  1- 3 |  4- 6 |  7- 9 | 10-12 || total
-------------------------+-------+-------+-------+-------++-------
Melee: Falchion          |    14 |       |       |       ||    14
       Tentacles         |     6 |    18 |    30 |     5 ||    59
       Constrict         |    10 |    29 |    28 |     1 ||    68
       Dagger            |    48 |   104 |       |       ||   152
       Short sword       |       |    17 |   168 |    22 ||   207
 Fire: Hunting sling     |       |     6 |    29 |       ||    35
Throw: Dart              |       |       |    49 |    11 ||    60
 Cast: Blink             |       |       |    23 |       ||    23
Evoke: Wand              |       |    11 |    13 |       ||    24
  Use: Scroll            |       |    11 |     4 |     1 ||    16
 Stab: Sleeping          |     2 |    10 |     6 |       ||    18
Armor: Skin              |     6 |     4 |     8 |       ||    18
Dodge: Dodged            |    28 |    37 |    81 |     5 ||   151
Block: Buckler           |       |       |    22 |     2 ||    24

Table legend: (Time is in decaauts)
 A = Elapsed time spent in this place.
 B = Non-inter-level travel time spent in this place.
 C = Inter-level travel time spent in this place.
 D = Time resting spent in this place.
 E = Time spent auto-exploring this place.
 F = Levels seen in this place.
 G = Mean time per level.
                   A        B        C        D        E       F      G
               +--------+--------+--------+--------+--------+-----+--------+
         Total |   9331 |   8907 |    424 |    237 |   7297 |   8 | 1166.4 |
       Dungeon |   9331 |   8907 |    424 |    237 |   7297 |   8 | 1166.4 |
               +--------+--------+--------+--------+--------+-----+--------+

Top non-repeatable levels by time:
     D:6: 2033 daAuts
     D:3: 1362 daAuts
     D:4: 1271 daAuts
     D:1: 1197 daAuts
     D:5: 1080 daAuts
     D:8: 1069 daAuts
     D:2: 697 daAuts
     D:7: 619 daAuts
